[Event "Titled Tuesday Blitz November 15 Early 2022"]
[White "Sourath Biswas"]
[Black "Begunov, Konstantin"]
[WhiteFideId "35091484"]
[BlackFideId "4118510"]
[WhiteElo "2164"]
[BlackElo "2140"]
[Result "0-1"]
[Round "08"]
[TimeControl "180+1"]
[Date "2022.11.16"]
[WhiteClock "0:00:02"]
[BlackClock "0:00:12"]

1. d4 d5 2. Bf4 c6 3. e3 Nf6 4. Nf3 Bg4 5. c4 e6 6. Qb3 Qb6 7. Nc3 Bxf3 8. gxf3 Nbd7 9. c5 Qxb3 10. axb3 Nh5 11. Bc7 Rc8 12. Be5 Nxe5 13. dxe5 Bxc5 14. f4 g6 15. b4 Bxb4 16. Rxa7 Rb8 17. Be2 Ng7 18. O-O Bc5 19. Ra4 Kd7 20. Rfa1 Nf5 21. b4 Bb6 22. Rd1 Kc7 23. b5 Ra8 24. bxc6 bxc6 25. Rc1 Rxa4 26. Nxa4 Ra8 27. Bb5 c5 28. Rb1 Ba7 29. Nc3 Rb8 30. Ra1 Bb6 31. Bd3 c4 32. Bc2 d4 33. exd4 Nxd4 34. Be4 Bc5 35. Kg2 Rb3 36. Rc1 Bb4 37. Na2 c3 38. Nxb4 Rxb4 39. Rxc3+ Kd7 40. Ra3 Nb5 41. Rd3+ Ke7 42. f3 Nd4 43. Rc3 f5 44. exf6+ Kxf6 45. Rc7 Rb2+ 46. Kh3 h5 47. Rc8 Nf5 48. Rf8+ Kg7 49. Re8 Kf7 50. Ra8 Rf2 51. Ra7+ Kf6 52. Ra8 Nd4 53. Kg3 Rb2 54. Rf8+ Kg7 55. Rd8 Ne2+ 56. Kh4 Nxf4 57. Kg5 Nh3+ 58. Kh4 Nf2 59. Bc6 Rc2 60. Bb5 Rc5 61. Bd3 Rd5 62. Rxd5 exd5 63. Bb1 Kf6 64. Kg3 Nd1 65. Bd3 Ne3 66. f4 Nf5+ 67. Kf3 Ke6 68. Bc2 Kd6 69. Bd3 Kc5 70. Ke2 Kd4 71. Kd2 Nh4 0-1


[Site "https://www.chess.com"]

[Event "Titled Tuesday Blitz November 15 Early 2022"]
[White "Sreyas Payyappat"]
[Black "Sargsyan, Anna M."]
[WhiteFideId "46674969"]
[BlackFideId "13308130"]
[WhiteElo "2083"]
[BlackElo "2284"]
[Result "0-1"]
[Round "08"]
[TimeControl "180+1"]
[Date "2022.11.16"]
[WhiteClock "0:00:07"]
[BlackClock "0:00:48"]

1. e4 c6 2. d4 d5 3. Nc3 dxe4 4. Nxe4 Nd7 5. Nf3 Ngf6 6. Bd3 Nxe4 7. Bxe4 Nf6 8. Bd3 Bg4 9. c3 e6 10. O-O Bd6 11. h3 Bh5 12. Bg5 O-O 13. g4 Bg6 14. Bxg6 hxg6 15. Ne5 Qc7 16. f4 Nd5 17. Qe2 f6 18. Nxg6 fxg5 19. Nxf8 Rxf8 20. Qxe6+ Kh8 21. fxg5 Nf4 22. Qe3 Qd8 23. h4 Qd7 24. Qf3 Ng6 25. Qh3 Nf4 26. Qf3 c5 27. Rad1 cxd4 28. Rxd4 Bc5 29. Rd1 Ne6 30. Qe4 Bxd4+ 31. cxd4 Rf4 32. Qe2 Rxd4 33. Re1 Nf4 34. Qe8+ Qxe8 35. Rxe8+ Kh7 36. h5 Nh3+ 37. Kg2 Nxg5 38. Re7 Rxg4+ 39. Kh2 Rb4 40. b3 a6 41. Kg3 Kh6 42. Rc7 Kxh5 43. Rxg7 Ne6 44. Rd7 Kg5 45. Kf3 Kf5 46. Ke3 Ke5 47. Kd2 Rd4+ 48. Rxd4 Nxd4 49. Kc3 Kd5 50. Kb4 Nc6+ 51. Kc3 Kc5 52. a4 a5 53. Kb2 Kb4 54. Ka2 Nd4 0-1


[Site "https://www.chess.com"]

[Event "Titled Tuesday Blitz November 15 Early 2022"]
[White "Stankovic, Ivan G"]
[Black "Shuvalova, Polina"]
[WhiteFideId "902837"]
[BlackFideId "24171760"]
[WhiteElo "2226"]
[BlackElo "2342"]
[Result "0-1"]
[Round "08"]
[TimeControl "180+1"]
[Date "2022.11.16"]
[WhiteClock "0:00:12"]
[BlackClock "0:00:04"]

1. e4 c5 2. c4 Nc6 3. Nc3 g6 4. g3 Bg7 5. Bg2 e6 6. Nge2 Nge7 7. d3 O-O 8. Be3 d6 9. d4 cxd4 10. Nxd4 Bd7 11. O-O a6 12. Rc1 Rc8 13. b3 Qc7 14. Nd5 Qd8 15. Nxc6 Bxc6 16. Nb6 Rb8 17. Qd2 Qc7 18. Rfd1 Rfd8 19. Nd5 Qd7 20. Nxe7+ Qxe7 21. Bb6 Rd7 22. a4 Rc8 23. a5 h5 24. h4 Kh7 25. Qe2 Re8 26. Rc2 Qf6 27. Rcd2 Qc3 28. Rd3 Qb4 29. Qd2 Qxd2 30. R1xd2 Bf8 31. c5 Bb5 32. Rd4 e5 33. Rd5 Bc6 34. R5d3 Bb5 35. Rc3 dxc5 36. Rxd7 Bxd7 37. Bxc5 Rc8 38. b4 Bxc5 39. bxc5 Bb5 40. f4 Re8 41. Kf2 Kg7 42. Ke3 Bc6 43. Rd3 exf4+ 44. gxf4 f5 45. Rd4 fxe4 46. Bxe4 Kf6 47. Rd6+ Kf7 48. Rd4 Kf6 49. Rd6+ Kf7 50. Rd4 Bxe4 51. Rxe4 Rxe4+ 52. Kxe4 Ke6 53. Kd4 Kf5 54. Kd5 Kxf4 55. Kd6 g5 56. hxg5 Kxg5 57. Kc7 h4 58. Kxb7 h3 59. c6 h2 60. c7 h1=Q+ 61. Kxa6 Qc6+ 62. Ka7 Qxc7+ 63. Ka6 Kf6 64. Kb5 Qa7 65. a6 Ke7 0-1


[Site "https://www.chess.com"]

[Event "Titled Tuesday Blitz November 15 Early 2022"]
[White "Stijve, Theo"]
[Black "Parpiev, Isaak"]
[WhiteFideId "1331132"]
[BlackFideId "34281576"]
[WhiteElo "2256"]
[BlackElo "2094"]
[Result "1-0"]
[Round "08"]
[TimeControl "180+1"]
[Date "2022.11.16"]
[WhiteClock "0:00:19"]
[BlackClock "0:00:05"]

1. e4 c5 2. Nc3 Nc6 3. Nf3 g6 4. h4 h5 5. Bc4 Bg7 6. d3 d6 7. a3 Bg4 8. Be3 e6 9. Qd2 Nge7 10. Ng5 d5 11. f3 dxc4 12. fxg4 hxg4 13. Bxc5 cxd3 14. cxd3 Ne5 15. d4 Nc4 16. Qe2 Nd6 17. O-O-O b6 18. Bxd6 Qxd6 19. Qb5+ Qc6 20. d5 exd5 21. exd5 Qxb5 22. Nxb5 O-O 23. d6 Nf5 24. d7 a6 25. Nd6 Nd4 26. h5 gxh5 27. Rxh5 Rad8 28. Ngxf7 Rxf7 29. Nxf7 Kxf7 30. Rf1+ Kg8 31. Rg5 Rxd7 32. Rd1 Rc7+ 33. Kb1 Re7 34. Rxd4 Re1+ 35. Ka2 Re2 36. Rd7 Rxb2+ 37. Ka1 Rxg2+ 38. Rgxg7+ Kf8 39. Rg5 Ke8 40. Ra7 Rg3 41. Rh5 Rxa3+ 42. Kb2 Rh3 43. Rxh3 gxh3 44. Rh7 Kd8 45. Rxh3 Kc7 46. Rh6 Kb7 47. Kb3 a5 48. Kc4 Ka6 49. Rg6 a4 50. Kb4 1-0


[Site "https://www.chess.com"]

[Event "Titled Tuesday Blitz November 15 Early 2022"]
[White "Storey, Charles H"]
[Black "Kleiman, Jake"]
[WhiteFideId "406686"]
[BlackFideId "2020041"]
[WhiteElo "2252"]
[BlackElo "2605"]
[Result "1-0"]
[Round "08"]
[TimeControl "180+1"]
[Date "2022.11.16"]
[WhiteClock "0:00:15"]
[BlackClock "0:00:04"]

1. c4 e6 2. g3 Nf6 3. Bg2 d5 4. Nf3 dxc4 5. Qa4+ c6 6. Qxc4 b5 7. Qc2 Bb7 8. d4 a6 9. O-O Nbd7 10. e4 c5 11. e5 Nd5 12. Bg5 Qb6 13. dxc5 Bxc5 14. Nc3 h6 15. Nxd5 Bxd5 16. Bf4 O-O 17. h4 Qb7 18. Ne1 Rfd8 19. Bxd5 Qxd5 20. Rd1 Qc4 21. Qxc4 bxc4 22. Rc1 Nb6 23. Ng2 Bd4 24. Rc2 Rd5 25. Ne3 Rc5 26. Rfc1 Rac8 27. Rd1 Bxe5 28. Bxe5 Rxe5 29. Rd6 Rb5 30. b3 cxb3 31. Rxc8+ Nxc8 32. Rd8+ Kh7 33. axb3 Nb6 34. Rb8 Nd5 35. Rxb5 axb5 36. Nxd5 exd5 37. h5 g6 38. Kf1 gxh5 39. Ke2 Kg6 40. Kd3 Kf5 41. Kd4 Ke6 42. Kc5 Ke5 43. Kxb5 d4 44. Kc4 Ke4 45. b4 f5 46. b5 d3 47. Kc3 Kf3 48. Kxd3 Kxf2 49. b6 f4 50. gxf4 h4 51. b7 h3 52. b8=Q 1-0


[Site "https://www.chess.com"]

[Event "Titled Tuesday Blitz November 15 Early 2022"]
[White "Svane, Frederik"]
[Black "Indjic, Aleksandar"]
[WhiteFideId "12923044"]
[BlackFideId "911925"]
[WhiteElo "2466"]
[BlackElo "2592"]
[Result "1-0"]
[Round "08"]
[TimeControl "180+1"]
[Date "2022.11.15"]
[WhiteClock "0:00:15"]
[BlackClock "0:00:12"]

1. e4 d6 2. d4 Nf6 3. Nc3 e5 4. Nge2 Be7 5. h3 c6 6. g4 b5 7. a3 Bb7 8. Bg2 a5 9. Ng3 g6 10. Bh6 b4 11. Nce2 c5 12. d5 Bf8 13. Be3 h5 14. gxh5 Nxh5 15. Nxh5 Rxh5 16. Ng3 Rh4 17. Qd2 Be7 18. f4 exf4 19. Bxf4 Nd7 20. O-O Rxf4 21. Qxf4 Ne5 22. Qh6 Kd7 23. Qg7 Qe8 24. axb4 cxb4 25. Rf2 Bh4 26. Raf1 Ke7 27. Kh2 Qg8 28. Qh6 Qh8 29. Qe3 Ng4+ 30. hxg4 Bg5+ 31. Bh3 Bxe3 32. Rxf7+ Ke8 33. Rxb7 Qxb2 34. Rff7 Qxc2+ 35. Bg2 Bg5 36. Rg7 Bh6 37. Rge7+ Kd8 38. Rh7 Kc8 39. Rbf7 Qc3 40. e5 Qxe5 41. Rxh6 Qe8 42. Rfh7 a4 43. Rh8 Qxh8 44. Rxh8+ Kb7 45. Rxa8 Kxa8 46. Be4 b3 47. Ne2 a3 48. Nd4 b2 49. Bb1 a2 50. Bxa2 b1=Q 51. Bxb1 1-0


[Site "https://www.chess.com"]

[Event "Titled Tuesday Blitz November 15 Early 2022"]
[White "Szpar, Milosz"]
[Black "Mika, Tomasz"]
[WhiteFideId "1184989"]
[BlackFideId "1132970"]
[WhiteElo "2422"]
[BlackElo "2126"]
[Result "1-0"]
[Round "08"]
[TimeControl "180+1"]
[Date "2022.11.16"]
[WhiteClock "0:00:12"]
[BlackClock "0:00:01"]

1. e4 c6 2. d4 d5 3. e5 c5 4. dxc5 Nc6 5. f4 Qa5+ 6. c3 Qxc5 7. b4 Qb6 8. Qxd5 Be6 9. Qe4 g6 10. Be3 Qc7 11. Nd2 Rd8 12. Ngf3 Nh6 13. Bb5 Ng4 14. Bg1 a6 15. Bxc6+ bxc6 16. h3 Bf5 17. Qc4 Bd3 18. Qc5 Nh6 19. g4 Bg7 20. Bd4 O-O 21. Kf2 Rb8 22. a4 Rfd8 23. Ke3 Rd5 24. Qa7 Rb7 25. Qa8+ Rd8 26. Qxd8+ Qxd8 27. Kxd3 e6 28. Ne4 Rd7 29. Nc5 Rd5 30. a5 f6 31. Nxe6 Qe7 32. Nxg7 Qxg7 33. Rhe1 fxe5 34. Rxe5 Qb7 35. Rae1 Rxe5 36. Rxe5 Kf7 37. Ng5+ Kf8 38. Bc5+ Kg7 39. Re7+ Kh8 40. Rxb7 1-0


[Site "https://www.chess.com"]

[Event "Titled Tuesday Blitz November 15 Early 2022"]
[White "Taboas Rodriguez, Daniel"]
[Black "Rosenberg, Evan S"]
[WhiteFideId "2208466"]
[BlackFideId "2019299"]
[WhiteElo "2329"]
[BlackElo "2394"]
[Result "1-0"]
[Round "08"]
[TimeControl "180+1"]
[Date "2022.11.16"]
[WhiteClock "0:00:06"]
[BlackClock "0:00:01"]

1. d4 d5 2. c4 e6 3. Nc3 c5 4. e3 Nf6 5. Nf3 a6 6. a3 cxd4 7. exd4 Be7 8. c5 O-O 9. Bf4 b6 10. b4 a5 11. Na4 axb4 12. Nxb6 Rxa3 13. Bxb8 Nd7 14. Ba7 Nxc5 15. dxc5 Bxc5 16. Nxc8 Qa5 17. Rc1 Rxc8 18. Bxc5 Rxc5 19. Rxc5 Qxc5 20. Bd3 Qc3+ 21. Ke2 Ra2+ 22. Nd2 g6 23. Bb1 Rb2 24. Qc1 Qe5+ 25. Kd1 Qd4 26. Re1 h5 27. Re3 Kg7 28. Rd3 Qe5 29. Re3 Qd4 30. Ke1 h4 31. h3 g5 32. Nf3 Qf6 33. Bd3 1-0


[Site "https://www.chess.com"]

[Event "Titled Tuesday Blitz November 15 Early 2022"]
[White "Tan, Jun Ying"]
[Black "Artemenko, Oleg"]
[WhiteFideId "5710413"]
[BlackFideId "14201798"]
[WhiteElo "2089"]
[BlackElo "2287"]
[Result "0-1"]
[Round "08"]
[TimeControl "180+1"]
[Date "2022.11.16"]
[WhiteClock "0:01:16"]
[BlackClock "0:02:27"]

1. d4 Nf6 2. c4 e6 3. Nc3 Bb4 4. Qc2 O-O 5. e4 d5 6. e5 Ne4 7. Bd3 c5 8. Nf3 Nc6 9. O-O Bxc3 10. bxc3 cxd4 11. Bxe4 dxe4 12. Qxe4 dxc3 13. Ng5 g6 14. Qh4 h5 15. Bf4 Nd4 16. Kh1 Nf5 17. Qh3 Qd4 18. Bg3 Qxc4 19. f3 Bd7 20. Ne4 Bc6 21. Nf6+ Kg7 22. Nxh5+ gxh5 23. Qxh5 Nxg3+ 0-1


[Site "https://www.chess.com"]

[Event "Titled Tuesday Blitz November 15 Early 2022"]
[White "Tarasova, Viktoriya"]
[Black "Saravana, Krishnan P."]
[WhiteFideId "4175840"]
[BlackFideId "5018382"]
[WhiteElo "2182"]
[BlackElo "2155"]
[Result "1-0"]
[Round "08"]
[TimeControl "180+1"]
[Date "2022.11.16"]
[WhiteClock "0:00:20"]
[BlackClock "0:01:35"]

1. d4 Nf6 2. c4 g6 3. Nc3 Bg7 4. e4 d6 5. h3 O-O 6. Be3 c5 7. d5 b5 8. cxb5 a6 9. a4 Qa5 10. Bd2 axb5 11. Bxb5 Qb6 12. Nge2 Ba6 13. O-O Bxb5 14. axb5 Nbd7 15. Qc2 c4 16. Be3 Qb7 17. Nd4 Nc5 18. Nc6 Nb3 19. Rxa8 Rxa8 20. Qe2 e5 21. dxe6 fxe6 22. Qxc4 Nc5 23. Bxc5 dxc5 24. Qxe6+ Kh8 25. Rd1 h6 26. e5 Nh5 27. Rd7 Qc8 28. Rd8+ Qxd8 29. Nxd8 Rxd8 30. g3 Kh7 31. b6 Rd4 32. Nd5 Re4 33. b7 Rxe5 34. Qc8 Re1+ 35. Kg2 Be5 36. b8=Q Bxb8 37. Qxb8 Re6 38. Qb7+ Kg8 39. Qc8+ Kf7 40. Qd7+ Kf8 41. Qxe6 1-0


[Site "https://www.chess.com"]

[Event "Titled Tuesday Blitz November 15 Early 2022"]
[White "Ter-Sahakyan, Samvel"]
[Black "Postnikov, Daniil"]
[WhiteFideId "13302531"]
[BlackFideId "4166329"]
[WhiteElo "2584"]
[BlackElo "2261"]
[Result "1-0"]
[Round "08"]
[TimeControl "180+1"]
[Date "2022.11.15"]
[WhiteClock "0:00:24"]
[BlackClock "0:00:08"]

1. d4 Nf6 2. c4 c5 3. d5 b5 4. cxb5 a6 5. e3 axb5 6. Bxb5 Qa5+ 7. Nc3 Bb7 8. e4 Nxe4 9. Ne2 Nd6 10. Ba4 g6 11. O-O Bg7 12. Bg5 h6 13. Bf4 Nf5 14. Bc2 Nd4 15. Be4 d6 16. Rb1 Ba6 17. Re1 Nxe2+ 18. Nxe2 Qxa2 19. Nc3 Qa5 20. Bc2 O-O 21. Rxe7 Qd8 22. Qe1 Bc4 23. h4 Na6 24. h5 Nb4 25. Bxg6 fxg6 26. Qe6+ Kh8 27. Rxg7 Kxg7 28. Qxg6+ Kh8 29. Qxh6+ Kg8 30. Qg6+ Kh8 31. Bxd6 Rf6 32. Be5 Ra6 33. Re1 Nd3 34. Bxf6+ Rxf6 35. Re8+ Rf8 36. Qh6+ 1-0


[Site "https://www.chess.com"]

[Event "Titled Tuesday Blitz November 15 Early 2022"]
[White "Terry, Renato"]
[Black "Jarmula, Lukasz"]
[WhiteFideId "3803457"]
[BlackFideId "1160664"]
[WhiteElo "2577"]
[BlackElo "2357"]
[Result "1-0"]
[Round "08"]
[TimeControl "180+1"]
[Date "2022.11.15"]
[WhiteClock "0:02:45"]
[BlackClock "0:01:54"]

1. e4 c5 2. Nf3 d6 3. Bb5+ Bd7 4. Bxd7+ Qxd7 5. O-O Nf6 6. e5 dxe5 7. Nxe5 Qc8 8. Re1 e6 9. Nc3 Be7 10. Qf3 O-O 11. d3 Nbd7 12. Nc4 Re8 13. Bf4 Bf8 14. Nb5 Nd5 15. Nbd6 Qc7 16. Nxe8 Qxf4 17. Qxf4 Nxf4 18. Ned6 a6 19. Nxb7 Rb8 20. Nba5 1-0


[Site "https://www.chess.com"]

[Event "Titled Tuesday Blitz November 15 Early 2022"]
[White "Thorhallsson, Simon"]
[Black "Kula, Robert"]
[WhiteFideId "2310090"]
[BlackFideId "1101218"]
[WhiteElo "2109"]
[BlackElo "2184"]
[Result "1-0"]
[Round "08"]
[TimeControl "180+1"]
[Date "2022.11.16"]
[WhiteClock "0:00:33"]
[BlackClock "0:00:33"]

1. Nf3 d5 2. g3 c5 3. Bg2 Nc6 4. d4 e6 5. O-O Nf6 6. c4 Be7 7. cxd5 exd5 8. dxc5 Bxc5 9. a3 a5 10. Qc2 Be7 11. Rd1 O-O 12. Nc3 Be6 13. Ng5 Rc8 14. Nxd5 Bxd5 15. Bxd5 Nb4 16. Bxf7+ Kh8 17. Qb3 Nc2 18. Rxd8 Rfxd8 19. Rb1 Rd1+ 20. Kg2 h6 21. Nf3 Ne1+ 22. Nxe1 Rxe1 23. Qe6 Rcxc1 24. Rxc1 Rxc1 25. Qxe7 Kh7 26. Qxb7 h5 27. Qb5 h4 28. Qf5+ Kh8 29. Bg6 hxg3 30. hxg3 Rc7 31. Qxa5 Rc8 32. Qf5 Rd8 33. a4 Kg8 34. a5 Nd5 35. Qe6+ Kh8 36. Qh3+ Kg8 37. Qh7+ Kf8 38. Qh8+ Ke7 39. Qxg7+ Kd6 40. a6 Rd7 41. Qd4 Kc6 42. Be4 Kb5 43. Bxd5 Kxa6 44. Bc4+ Ka5 45. Qxd7 Kb4 46. Qb5# 1-0


[Site "https://www.chess.com"]

[Event "Titled Tuesday Blitz November 15 Early 2022"]
[White "Todorovic, Bojan"]
[Black "Shuvalov, Evgenij"]
[WhiteFideId "917087"]
[BlackFideId "4187237"]
[WhiteElo "2266"]
[BlackElo "2049"]
[Result "1-0"]
[Round "08"]
[TimeControl "180+1"]
[Date "2022.11.16"]
[WhiteClock "0:00:10"]
[BlackClock "0:00:01"]

1. d4 Nf6 2. c4 g6 3. Nc3 d5 4. Nf3 Bg7 5. Bg5 Ne4 6. Bh4 Nxc3 7. bxc3 c5 8. e3 O-O 9. cxd5 cxd4 10. cxd4 Qxd5 11. Bxe7 Re8 12. Rc1 Nc6 13. Bc5 b6 14. Bc4 Qd7 15. Ba3 Na5 16. Be2 Bb7 17. O-O Bd5 18. Qd2 Qa4 19. Rc3 Rac8 20. Rfc1 Rxc3 21. Rxc3 b5 22. Bd1 Nc4 23. Bxa4 Nxd2 24. Bxb5 Nxf3+ 25. gxf3 Rb8 26. Bc6 Bxc6 27. Rxc6 Bf8 28. Bxf8 Kxf8 29. Rc7 a5 30. Ra7 Rb5 31. f4 h5 32. h4 Ke8 33. Kg2 Kf8 34. Kf3 f5 35. a4 Rd5 36. Ke2 Kg8 37. Kd3 Rd8 38. Rxa5 Kf7 39. Rb5 1-0


[Site "https://www.chess.com"]

[Event "Titled Tuesday Blitz November 15 Early 2022"]
[White "Tomb, Maroun"]
[Black "Kobo, Ori"]
[WhiteFideId "5300398"]
[BlackFideId "2812320"]
[WhiteElo "2550"]
[BlackElo "2447"]
[Result "0-1"]
[Round "08"]
[TimeControl "180+1"]
[Date "2022.11.16"]
[WhiteClock "0:00:26"]
[BlackClock "0:01:43"]

1. e4 c5 2. Ne2 Nc6 3. Nbc3 e6 4. d4 cxd4 5. Nxd4 Qc7 6. g3 h5 7. h3 h4 8. g4 a6 9. Bg2 Nge7 10. Nde2 Ng6 11. f4 Bc5 12. e5 d5 13. a3 Ba7 14. Qd3 Bd7 15. Be3 d4 16. Nxd4 Nxd4 17. Bxd4 Nxf4 18. Qe4 Nxg2+ 19. Kf2 Bc6 20. Qd3 O-O-O 0-1


[Site "https://www.chess.com"]

[Event "Titled Tuesday Blitz November 15 Early 2022"]
[White "Torres Dominguez, David"]
[Black "Fajdetic, Hrvoje"]
[WhiteFideId "2220857"]
[BlackFideId "14501945"]
[WhiteElo "2037"]
[BlackElo "2172"]
[Result "1-0"]
[Round "08"]
[TimeControl "180+1"]
[Date "2022.11.16"]
[WhiteClock "0:00:28"]
[BlackClock "0:00:01"]

1. e4 c5 2. Nf3 a6 3. Nc3 Nc6 4. d4 cxd4 5. Nxd4 g6 6. Nxc6 bxc6 7. Bd3 Bg7 8. O-O d5 9. Re1 Nf6 10. Bg5 O-O 11. Qc1 d4 12. Nb1 e5 13. Nd2 Qc7 14. Nc4 Be6 15. Bh6 Nd7 16. Bxg7 Kxg7 17. Qg5 f6 18. Qd2 Nc5 19. Qa5 Qxa5 20. Nxa5 Nxd3 21. cxd3 Rfc8 22. Rec1 Rab8 23. b3 Rb6 24. Rc5 Kf7 25. Rac1 Bd7 26. Nc4 Rbb8 27. Nd6+ Ke7 28. Nxc8+ Rxc8 29. Kf1 Kd6 30. Ke2 Rb8 31. Kd2 Rb6 32. Ra5 h5 33. Rcc5 Be8 34. Kc2 Bd7 35. Kb2 Be8 36. Rc1 Bd7 37. Rac5 Be8 38. a3 Bf7 39. b4 Be8 40. Rf1 g5 41. g3 Bd7 42. f3 Bh3 43. Rf2 Kd7 44. f4 gxf4 45. gxf4 Ke6 46. f5+ Kd6 47. Rf3 Bg4 48. Rg3 1-0


[Site "https://www.chess.com"]

[Event "Titled Tuesday Blitz November 15 Early 2022"]
[White "Tristan, Leonardo"]
[Black "Nguyen, Thai Dai Van"]
[WhiteFideId "113816"]
[BlackFideId "358878"]
[WhiteElo "2461"]
[BlackElo "2534"]
[Result "1-0"]
[Round "08"]
[TimeControl "180+1"]
[Date "2022.11.15"]
[WhiteClock "0:00:09"]
[BlackClock "0:00:36"]

1. d4 Nf6 2. Nf3 d5 3. Bf4 c5 4. e3 Nc6 5. Nbd2 cxd4 6. exd4 a6 7. c3 Bf5 8. Nh4 Be4 9. Nhf3 Bg6 10. Nh4 Bh5 11. Nhf3 e6 12. Bd3 Bd6 13. Bg5 Qc7 14. Qb1 Bg6 15. O-O O-O-O 16. Re1 Kb8 17. Bh4 Rde8 18. Bg3 Bxg3 19. hxg3 e5 20. dxe5 Nxe5 21. Nxe5 Rxe5 22. Rxe5 Qxe5 23. Nf3 Qh5 24. Qd1 Be4 25. Nh2 Qf5 26. Bxe4 dxe4 27. Qd2 h5 28. Rd1 Qe5 29. Qf4 Qxf4 30. gxf4 h4 31. Nf1 Nh5 32. Rd7 f5 33. Ne3 g6 34. Nd5 Rg8 35. Rf7 Rd8 36. c4 b5 37. b3 bxc4 38. bxc4 Rc8 39. Nb6 Rc6 40. c5 Nxf4 41. Rf8+ Kb7 42. Rf7+ Rc7 43. Nd7 Nd3 44. Rg7 a5 45. Rxg6 Nxc5 46. Ne5 Re7 47. Nc4 f4 48. Nxa5+ Ka8 49. Rg8+ Ka7 50. Nc6+ Kb6 51. Nxe7 Kb5 52. Rf8 e3 53. fxe3 fxe3 54. Kf1 Ne6 55. Rf5+ Kc4 56. Re5 Nf4 57. Rxe3 Kd4 58. Re1 h3 59. gxh3 1-0


[Site "https://www.chess.com"]

[Event "Titled Tuesday Blitz November 15 Early 2022"]
[White "Trost, Edvin"]
[Black "Gheorghiu, Calin"]
[WhiteFideId "1729519"]
[BlackFideId "1200305"]
[WhiteElo "2247"]
[BlackElo "2225"]
[Result "0-1"]
[Round "08"]
[TimeControl "180+1"]
[Date "2022.11.16"]
[WhiteClock "0:01:46"]
[BlackClock "0:00:30"]

1. e4 e6 2. e5 d6 3. Nf3 Ne7 4. d4 Nd7 5. Bd3 Ng6 6. Qe2 c5 7. c3 Qc7 8. O-O dxe5 9. Bxg6 hxg6 10. dxe5 b6 11. Nbd2 Bb7 12. Nc4 b5 13. Nd6+ Bxd6 14. exd6 Qxd6 15. Qxb5 Bxf3 16. g3 Bc6 17. Qc4 Qd5 18. Qxd5 exd5 19. Be3 O-O 20. b3 Rfe8 21. Rfd1 Re4 22. Rd2 Rae8 23. Rad1 a5 24. a4 Rb8 25. Rb1 Rxa4 26. Bf4 Rb7 27. Rdb2 Ra3 28. Bd6 a4 29. bxa4 Rxb2 30. Rxb2 Rxa4 31. Re2 Re4 32. Ra2 Rc4 33. Ra6 Ba4 34. Ra8+ Kh7 35. Kg2 d4 36. cxd4 Bc6+ 37. d5 Bxd5+ 38. Kh3 Bxa8 39. Bf8 Nxf8 40. f4 Bf3 41. f5 Bg4+ 42. Kg2 gxf5 43. h4 Rc2+ 44. Kf1 Ne6 45. h5 Nd4 46. h6 gxh6 47. Ke1 Kg6 48. Kf1 Kf6 49. Ke1 Ke5 50. Kf1 Ke4 51. Ke1 Ke3 52. Kf1 c4 53. Kg1 Rd2 54. Kf1 Bh3+ 55. Kg1 Nf3+ 0-1


[Site "https://www.chess.com"]

[Event "Titled Tuesday Blitz November 15 Early 2022"]
[White "Tsaruk, Maksim"]
[Black "Besedes, Danilo"]
[WhiteFideId "13511173"]
[BlackFideId "946796"]
[WhiteElo "2300"]
[BlackElo "2352"]
[Result "1-0"]
[Round "08"]
[TimeControl "180+1"]
[Date "2022.11.16"]
[WhiteClock "0:00:18"]
[BlackClock "0:00:27"]

1. d4 d6 2. Nf3 Nc6 3. e4 e5 4. dxe5 dxe5 5. Qxd8+ Kxd8 6. Bc4 f6 7. Nc3 a6 8. Be3 Bd7 9. O-O-O Kc8 10. Nd2 Bd6 11. Bxg8 Rxg8 12. Nc4 Bf8 13. Nd5 Be6 14. f4 b5 15. Nd2 Kb7 16. Nf3 Bd6 17. f5 Bf7 18. g4 Rad8 19. c3 Ne7 20. Nxe7 Bxe7 21. Kc2 g6 22. Rxd8 Rxd8 23. b3 gxf5 24. gxf5 Rg8 25. Rg1 Rxg1 26. Bxg1 Bh5 27. Nd2 c5 28. Kd3 Kc6 29. c4 Bf8 30. Be3 Kd6 31. cxb5 axb5 32. a4 Kc6 33. Kc3 Bd1 34. Bf2 bxa4 35. bxa4 Bxa4 36. Bh4 Bg7 37. Nc4 Bd1 38. Ne3 Bf3 39. Kd3 Kb5 40. Nd5 c4+ 41. Ke3 Bg2 42. Bxf6 Bh6+ 43. Kf2 Bxe4 44. Nc3+ Kc5 45. Nxe4+ Kd4 46. Ng3 c3 47. Be7 c2 48. Ne2+ Ke4 49. f6 c1=Q 50. Nxc1 Bxc1 51. f7 Bh6 52. f8=Q Bxf8 53. Bxf8 Kf5 54. Bd6 Ke4 55. Bb8 Kf4 56. Kg2 Ke4 57. Kg3 Kd4 58. Kg4 e4 59. Ba7+ Kd3 60. Kf4 1-0


[Site "https://www.chess.com"]

[Event "Titled Tuesday Blitz November 15 Early 2022"]
[White "Tuleyeva-Aketayeva, Dana"]
[Black "Osinovsky, Stepan"]
[WhiteFideId "13701932"]
[BlackFideId "4157354"]
[WhiteElo "2030"]
[BlackElo "2222"]
[Result "1-0"]
[Round "08"]
[TimeControl "180+1"]
[Date "2022.11.16"]
[WhiteClock "0:00:32"]
[BlackClock "0:00:33"]

1. Nf3 Nf6 2. g3 g6 3. Bg2 Bg7 4. O-O O-O 5. d4 d6 6. c4 Nbd7 7. Nc3 e5 8. dxe5 Nxe5 9. Nxe5 dxe5 10. Bg5 h6 11. Qxd8 Rxd8 12. Bxf6 Bxf6 13. Nd5 Kg7 14. Nxc7 Rb8 15. Nb5 Be6 16. b3 e4 17. Rad1 a6 18. Nd6 e3 19. fxe3 Be7 20. Nxb7 Rxd1 21. Rxd1 Kf6 22. c5 Bc8 23. c6 Bxb7 24. cxb7 Bc5 25. Kf2 Ke6 26. Rd5 Bb6 27. Rd3 a5 28. Rc3 Kd7 29. Bh3+ Kd6 30. Bg2 Kd7 31. a3 Bc7 32. b4 axb4 33. axb4 f5 34. b5 Re8 35. Bc6+ 1-0


[Site "https://www.chess.com"]

[Event "Titled Tuesday Blitz November 15 Early 2022"]
[White "Vasques, Antonio Pedro Freixial"]
[Black "Lehtosaari, Mauri"]
[WhiteFideId "1908332"]
[BlackFideId "501999"]
[WhiteElo "2243"]
[BlackElo "2494"]
[Result "1-0"]
[Round "08"]
[TimeControl "180+1"]
[Date "2022.11.16"]
[WhiteClock "0:01:27"]
[BlackClock "0:01:12"]

1. e4 c5 2. Nf3 e6 3. d4 cxd4 4. Nxd4 Bc5 5. Nb3 Bb6 6. Nc3 Ne7 7. a4 a6 8. Bd3 O-O 9. O-O f5 10. a5 Ba7 11. Bg5 h6 12. Bxe7 Qxe7 13. exf5 exf5 14. Qf3 Nc6 15. Rfe1 Qh4 16. g3 Qg5 17. h4 Qf6 18. Nd5 Qxb2 19. Ne7+ Kh8 20. Ng6+ Kg8 21. Qd5+ Kh7 22. Nxf8+ Kh8 23. Re8 1-0


[Site "https://www.chess.com"]

[Event "Titled Tuesday Blitz November 15 Early 2022"]
[White "Vifleemskaia, Svetlana"]
[Black "Papayan, Oleg"]
[WhiteFideId "4129490"]
[BlackFideId "4193911"]
[WhiteElo "1929"]
[BlackElo "2153"]
[Result "0-1"]
[Round "08"]
[TimeControl "180+1"]
[Date "2022.11.16"]
[WhiteClock "0:00:07"]
[BlackClock "0:00:08"]

1. d4 Nf6 2. c4 e6 3. Nc3 Bb4 4. e3 O-O 5. Ne2 c5 6. a3 Bxc3+ 7. Nxc3 b6 8. d5 d6 9. g3 e5 10. Bg2 a6 11. a4 Ne8 12. O-O f5 13. f4 Nd7 14. e4 exf4 15. Bxf4 Ne5 16. b3 Nf7 17. Qd3 fxe4 18. Bxe4 Nf6 19. Bf5 Bxf5 20. Qxf5 Re8 21. Rae1 Ra7 22. Re6 Rae7 23. Rfe1 Qd7 24. Rxe7 Rxe7 25. Qxd7 Rxe1+ 26. Kf2 Nxd7 27. Kxe1 Nde5 28. Ke2 Kf8 29. h3 Ke7 30. Ne4 h6 31. g4 Nd7 32. Ke3 Nf6 33. Ng3 g6 34. Ne2 Nd7 35. Bg3 Ng5 36. Bh4 Kf6 37. Bg3 Nxh3 38. Bxd6 Ng5 39. Bc7 Nf7 40. Ng3 Nfe5 41. Ne4+ Ke7 42. g5 h5 43. a5 bxa5 44. Bd6+ Kf7 45. Nxc5 Ng4+ 46. Kf4 Nxc5 47. Bxc5 Ke8 48. Bb6 Kd7 49. Bxa5 Kd6 50. Bb4+ Kd7 51. c5 Nf2 52. c6+ Kc7 53. Ke5 Nd3+ 54. Kf6 Nxb4 55. Kxg6 h4 56. Kf7 h3 57. g6 h2 58. g7 h1=Q 59. g8=Q Qxd5+ 60. Kf8 Qxg8+ 61. Kxg8 Nxc6 62. Kf7 Kd6 63. Kf6 Nd4 64. b4 Kd5 65. Ke7 Kc4 66. Kd6 Kxb4 67. Ke5 Nb3 68. Ke4 a5 69. Kd3 a4 70. Kc2 a3 71. Kb1 Na5 72. Ka2 Ka4 73. Ka1 Kb3 74. Kb1 Nc6 75. Ka1 Nd4 76. Kb1 a2+ 77. Kc1 a1=Q+ 78. Kd2 Qc3+ 79. Kd1 Qc2+ 80. Ke1 Qe2# 0-1


[Site "https://www.chess.com"]